Map: Vaani Research Station (Void)

Players

raven - Winner!

  • Race: Zerg Zerg
  • League: Platinum
  • Spawn Location: 6:00

Fropez

  • Race: Protoss Protoss
  • League: Gold
  • Spawn Location: 12:00

VOD

Have the link to the VOD?

Description

Time

  • Played on: Dec. 29, 2016, 6:57 p.m.
  • Length: 6:44
Show
View Real Time Build Order
Export as new Build Order

raven Zerg - Winner!

Build Orders: Pool First 

Get SALT Encoding   

  12  0:02  Drone  
  13  0:08  Drone  
  14  0:18  Overlord  
  14  0:36  Drone x3  
  17  0:47  Drone  
  18  0:52  Spawning Pool  
  17  1:00  Overlord  
  17  1:23  Hatchery  
  16  1:27  Drone x2  
  16  1:31  Extractor  
  17  1:33  Drone  
  18  1:41  Queen  
  18  1:45  Zergling x2  
  21  1:57  Drone  
  22  2:05  Roach Warren  
  22  2:06  Zergling x2  
  22  2:14  Zergling x2  
  23  2:24  Zergling x2  
  24  2:40  Drone x2  
  26  2:48  Drone x2  
  26  2:51  Roach x2  
  30  2:52  Roach  
  30  2:54  Queen  
  36  2:58  Overlord  
  36  3:12  Metabolic Boost  
  36  3:22  Roach  
  36  3:23  Overlord  
  36  3:24  Overlord  
  36  3:26  Zergling x2  
  39  3:28  Zergling x2  
  39  3:30  Zergling x2  
  39  3:34  Drone  
  42  3:40  Drone  
  43  3:44  Drone  
  43  3:46  Extractor  
  43  3:51  Drone  
  44  4:07  Drone x5  
  44  4:08  Drone x2  
  51  4:10  Extractor  
  51  4:13  Drone x2  
  52  4:24  Roach  
  52  4:25  Roach  
  56  4:41  Drone x5  
  56  4:42  Drone  
  59  4:51  Zergling x2  
  58  4:57  Roach  
  58  5:12  Zergling x2  
  59  5:14  Overlord x4  
  58  5:30  Zergling x2  
  58  5:31  Zergling x6  
  59  5:45  Zergling x2  
  59  5:46  Zergling x10  
  64  5:54  Zergling x2  
  64  5:55  Zergling x4  
  66  6:05  Zergling x4  
  65  6:22  Zergling x2  
  65  6:23  Zergling x6  
Show
View Real Time Build Order
Export as new Build Order

Fropez Protoss 

Build Orders:  

Get SALT Encoding   

  12  0:01  Probe (Chrono Boost)  
  13  0:11  Probe (Chrono Boost)  
  14  0:18  Pylon  
  14  0:22  Probe (Chrono Boost)  
  15  0:36  Probe (Chrono Boost)  
  15  0:40  Gateway  
  16  0:46  Probe (Chrono Boost)  
  17  0:57  Probe (Chrono Boost), Assimilator  
  18  1:08  Probe (Chrono Boost)  
  19  1:16  Pylon  
  19  1:18  Probe (Chrono Boost)  
  20  1:29  Probe (Chrono Boost)  
  20  1:31  Cybernetics Core  
  21  1:37  Gateway  
  21  1:39  Probe (Chrono Boost)  
  22  1:48  Gateway  
  22  1:50  Probe (Chrono Boost)  
  23  1:56  Assimilator  
  24  2:08  Mothership Core (Chrono Boost)  
  24  2:18  Warp Gate  
  24  2:27  Probe (Chrono Boost)  
  24  2:29  Nexus  
  25  2:41  Probe (Chrono Boost)  
  28  2:44  Adept  
  28  2:52  Pylon  
  30  3:05  Sentry  
  31  3:20  Adept, Probe (Chrono Boost)  
  31  3:21  Adept  
  35  3:27  Pylon  
  35  3:32  Sentry, Probe (Chrono Boost)  
  38  3:43  Pylon  
  38  3:44  Probe x2 (Chrono Boost)  
  38  3:48  Sentry  
  42  3:54  Assimilator  
  43  3:56  Probe (Chrono Boost)  
  43  3:57  Sentry  
  43  3:59  Probe (Chrono Boost), Assimilator  
  46  4:08  Probe (Chrono Boost)  
  47  4:18  Probe (Chrono Boost)  
  47  4:20  Twilight Council  
  48  4:26  Adept  
  48  4:30  Probe (Chrono Boost)  
  51  4:34  Probe (Chrono Boost)  
  51  4:35  Pylon  
  52  4:39  Sentry  
  54  5:10  Adept x3  
  52  5:15  Probe (Chrono Boost)  
  52  5:17  Probe (Chrono Boost)  
  47  5:26  Probe (Chrono Boost)  
  34  5:37  Probe (Chrono Boost)  
  34  5:39  Probe (Chrono Boost)  
  33  5:48  Probe (Chrono Boost)  
  33  5:49  Sentry x3  
  41  5:51  Probe (Chrono Boost)  
  41  5:55  Gateway  
  33  6:06  Probe (Chrono Boost)  
  33  6:07  Probe (Chrono Boost)  
  35  6:17  Probe (Chrono Boost)  
  37  6:20  Probe (Chrono Boost)  
  37  6:26  Adept x2  
Tags
 
Add a new tag
Caveats
  • Supply blocks, unpowered buildings, or Contaminate may cause inaccurate times.
  • Supply counts are checked every 10 seconds.